 Dungeon Crawl Stone Soup version 0.28-a0-1206-g193881aaa2 (webtiles) character file.

Game seed: 11595952354185756779

343 siradein the Skirmisher (level 6, -5/56 HPs)
             Began as a Hill Orc Fighter on Dec 20, 2021.
             Killed from afar by Natasha (7 damage)
             ... with a puff of flame
             ... on level 3 of the Dungeon.
             The game lasted 00:07:36 (3532 turns).

siradein the Skirmisher (Hill Orc Fighter)          Turns: 3532, Time: 00:07:36

Health: -5/56      AC:  7    Str: 21    XL:     6   Next: 57%
Magic:  6/6        EV:  9    Int:  8    God:
Gold:   82         SH:  4    Dex: 10    Spells: 5/5 levels left

rFire   . . .      SeeInvis .   a - +0 long sword
rCold   . . .      Faith    .   c - +0 buckler
rNeg    . . .      Spirit   .   b - +0 scale mail
rPois   .          Reflect  .   (no helmet)
rElec   .          Harm     .   (no cloak)
rCorr   .          Rampage  .   (no gloves)
Will    .....                   (no boots)
Stlth   ..........              (no amulet)
HPRegen 0.18/turn               (no ring)
MPRegen 0.10/turn               (no ring)

@: no status effects
A: no striking features
a: no special abilities


You were on level 3 of the Dungeon.
You visited 1 branch of the dungeon, and saw 3 of its levels.

You collected 82 gold pieces.

Inventory:

Hand Weapons
 a - a +0 long sword (weapon)
 n - a +2 spear of venom
Missiles
 l - 31 poisoned darts (quivered)
Armour
 b - a +0 scale mail (worn)
 c - a +0 buckler (worn)
Wands
 s - a wand of flame (22)
Scrolls
 g - 2 scrolls of immolation {unknown}
 h - a scroll of holy word {unknown}
 i - 2 scrolls of torment {unknown}
 j - 2 scrolls of noise {unknown}
 o - a scroll of enchant weapon {unknown}
 p - 2 scrolls of identify {unknown}
Potions
 d - 2 potions of might
 e - a potion of ambrosia {unknown}
 f - a potion of heal wounds {unknown}
 k - 2 potions of attraction {unknown}
 m - a potion of degeneration {unknown}
 q - a potion of haste {unknown}
 r - a potion of flight {unknown}


   Skills:
 + Level 5.2 Fighting
 + Level 4.1 Long Blades
 + Level 4.8 Armour
 + Level 4.8 Shields


You had 5 spell levels left.
You didn't know any spells.
Your spell library contained the following spells:

 Spells                   Type           Power      Damage    Failure   Level
 Passwall                 Tmut/Erth      0%         N/A       86%         2
 Swiftness                Air            0%         N/A       98%         3


Dungeon Overview and Level Annotations

Branches:
Dungeon (3/15)

Altars:
Trog

Annotations:
D:3 1 runed translucent door, Crazy Yiuf, Natasha


Message History

Natasha claws you.
The white imp hits you but does no damage.
You barely miss Natasha.
Natasha is heavily wounded.
Natasha claws you. The white imp gestures at you. The puff of frost hits you.
Natasha zaps a wand.
The puff of flame hits you!
You hit Natasha.
Natasha is severely wounded.
The white imp closely misses you. Natasha claws you.
You closely miss Natasha.
Natasha is severely wounded.
The white imp hits you but does no damage.
Natasha claws you but does no damage.
You closely miss Natasha.
Natasha is severely wounded.
You block the white imp's attack.
Natasha zaps a wand.
The puff of flame hits you!
* * * LOW HITPOINT WARNING * * *
The white imp hits you but does no damage.
You closely miss Natasha.
Natasha is severely wounded.
Natasha zaps a wand.
The puff of flame hits you.
* * * LOW HITPOINT WARNING * * *
The white imp gestures at you. The puff of frost hits you.
* * * LOW HITPOINT WARNING * * *
Natasha mewls in sadness.
Natasha claws you.
* * * LOW HITPOINT WARNING * * *
You closely miss Natasha.
Natasha is severely wounded.
Natasha zaps a wand.
The puff of flame hits you.
* * * LOW HITPOINT WARNING * * *
Unknown command.
Okay, then.
You hit Natasha but do no damage.
Natasha is severely wounded.
Natasha zaps a wand.
The puff of flame hits you!
You die...

#............##.....####....##
#.
#............##.....####.###.#
#. ##.....#......#..........#
#.# #.
#.......#...<#.....####.###.# #.
#...†..###.#.#.....# #....## #.
#(............###### ##.#.#####.
#..#.#..####..# #....).....
#..#.#..####..########..#.######
#..#.#.......5h@........#.#
#..#.#...###..#########.#.#
##..#.#._..................#
..............##############
..........#.### #####.......#
#########


You could see Natasha and a white imp (summoned).

Vanquished Creatures
  Pargi (D:3)
  A centaur zombie (D:3)
  Jessica (D:3)
  Terence (D:3)
  An orc wizard (D:3)
  Natasha (twice) (D:3)
  3 adders
  A dart slug (D:1)
  8 orcs (D:3)
  6 ball pythons
  An endoplasm (D:2)
  3 giant cockroaches
  5 goblins
  4 hobgoblins
  2 jackals (D:2)
  2 kobolds (D:2)
  4 quokkas
  2 bats
  3 frilled lizards
  5 rats
56 creatures vanquished.

Notes
Turn   | Place    | Note
-------+----------+-------------------------------------------
     0 | D:1      | siradein the Hill Orc Fighter began the quest for the Orb.
     0 | D:1      | Reached XP level 1. HP: 19/19 MP: 1/1
   662 | D:1      | Reached XP level 2. HP: 20/27 MP: 2/2
  1040 | D:1      | Found a faded altar of an unknown god.
  1448 | D:2      | Reached skill level 4 in Fighting
  1448 | D:2      | Reached XP level 3. HP: 20/33 MP: 3/3
  1903 | D:2      | Reached XP level 4. HP: 40/40 MP: 4/4
  2131 | D:3      | Noticed Natasha
  2137 | D:3      | Killed Natasha
  2235 | D:3      | Found a bloodstained altar of Trog.
  2333 | D:3      | Noticed Jessica
  2340 | D:3      | Killed Jessica
  2498 | D:3      | Reached XP level 5. HP: 41/47 MP: 5/5
  2582 | D:3      | Noticed Terence
  2596 | D:3      | Killed Terence
  2667 | D:3      | Noticed Pargi
  2693 | D:3      | Killed Pargi
  2694 | D:3      | Reached skill level 5 in Fighting
  2694 | D:3      | Reached XP level 6. HP: 47/56 MP: 6/6
  2914 | D:3      | Found a runed translucent door.
  2915 | D:3      | Noticed Crazy Yiuf
  3269 | D:3      | Noticed Natasha
  3284 | D:3      | Killed Natasha
  3310 | D:3      | Noticed Natasha
  3531 | D:3      | HP: 2/56 [Natasha/puff of flame (5)]
  3532 | D:3      | Killed from afar by Natasha

Illustrated notes

Levels and vault maps discovered:
D:1:      dpeg_arrival_stone_temple_mockup, layout_loops_ring,
          dilly_ecumenical_altar_fadedgnrine
D:2:      layout_loops_ring, st_stairs_3, grunt_ministairs_6
D:3:      layout_loops_ring, bloody_trog, chequers_serial_rivers_micro_d,
          uniq_jessica, uniq_pargi, uniq_crazy_yiuf_cottage, uniq_terence,
          uniq_natasha

Skill      XL: |  1  2  3  4  5  6 |
---------------+-------------------+-----
Fighting       | 4 5 |  5.2
Long Blades    | 3 4 |  4.1
Armour         | 4 |  4.8
Shields        | 4 |  4.8

Action                   |  1- 3 |  4- 6 || total
-------------------------+-------+-------++-------
Melee: Long sword        |    52 |    65 ||   117
       Spear             |    53 |    29 ||    82
Armor: Scale mail        |    39 |    44 ||    83
Dodge: Dodged            |    51 |    45 ||    96
Block: Buckler           |    20 |    17 ||    37

Table legend: (Time is in decaauts)
 A = Elapsed time spent in this place.
 B = Non-inter-level travel time spent in this place.
 C = Inter-level travel time spent in this place.
 D = Time resting spent in this place.
 E = Time spent auto-exploring this place.
 F = Levels seen in this place.
 G = Mean time per level.
                   A        B        C        D        E       F      G
               +--------+--------+--------+--------+--------+-----+--------+
         Total |   3572 |   3523 |     49 |    431 |   2518 |   3 | 1190.7 |
       Dungeon |   3572 |   3523 |     49 |    431 |   2518 |   3 | 1190.7 |
               +--------+--------+--------+--------+--------+-----+--------+

Top non-repeatable levels by time:
     D:3: 1420 daAuts
     D:1: 1281 daAuts
     D:2: 870 daAuts
